Map: Dreamcatcher LE

Players

Semper

  • Race: Terran Terran
  • Spawn Location: 11:00

HeroMarine - Winner!

  • Race: Terran Terran
  • Spawn Location: 5:00

Event: WCS Montreal 2018

VOD

Have the link to the VOD?

Description

Time

  • Played on: Sept. 8, 2018, 2:43 p.m.
  • Length: 5:07

All games in this series

Show
View Real Time Build Order
Export as new Build Order

Semper Terran 

Build Orders: Cyclone Opening 

Get SALT Encoding   

  12  0:00  SCV  
  13  0:13  SCV  
  14  0:18  Supply Depot  
  14  0:25  SCV  
  15  0:31  Refinery  
  15  0:40  SCV  
  16  0:49  Barracks  
  16  0:52  SCV  
  17  0:59  Refinery  
  17  1:04  SCV  
  18  1:17  SCV  
  19  1:36  Factory, Orbital Command  
  19  1:38  Barracks Reactor  
  19  1:50  Supply Depot  
  19  2:02  SCV  
  20  2:14  SCV  
  21  2:25  Cyclone x2  
  21  2:26  SCV  
  28  2:31  Supply Depot  
  28  2:40  SCV  
  28  2:57  Cyclone  
  30  3:02  Cyclone  
  31  3:20  SCV  
  32  3:29  Cyclone  
  34  3:35  Cyclone  
  34  3:37  SCV  
  37  3:56  SCV  
  38  4:05  Cyclone  
  38  4:09  SCV  
Show
View Real Time Build Order
Export as new Build Order

HeroMarine Terran - Winner!

Build Orders: 1/1/1, Cyclone Opening 

Get SALT Encoding   

  12  0:00  SCV  
  13  0:12  SCV  
  14  0:17  Supply Depot  
  14  0:25  SCV  
  14  0:28  Refinery  
  15  0:39  SCV  
  16  0:43  Engineering Bay  
  16  0:47  Barracks  
  16  0:51  SCV  
  17  0:57  Refinery  
  17  1:03  SCV  
  18  1:15  SCV  
  19  1:34  Orbital Command  
  19  1:35  Factory  
  19  1:38  Reaper  
  20  1:53  Supply Depot  
  20  1:59  SCV  
  21  2:10  Reaper  
  21  2:12  SCV  
  23  2:18  Hellion  
  23  2:20  Starport  
  25  2:24  SCV  
  26  2:36  SCV  
  27  2:39  Cyclone  
  27  2:42  Supply Depot  
  30  2:46  Marine  
  30  2:51  Bunker  
  31  3:03  Viking  
  33  3:08  Bunker, Marine  
  34  3:13  Factory Tech Lab  
  34  3:16  SCV  
  34  3:26  Marine  
  35  3:33  Siege Tank  
  38  3:41  Supply Depot  
  38  3:50  SCV  
  35  4:05  Siege Tank  
  35  4:09  SCV  
Tags
 
Add a new tag
Caveats
  • Supply blocks, unpowered buildings, or Contaminate may cause inaccurate times.
  • Supply counts are checked every 10 seconds.